AoeStats
← A.Raziel

Arabia

505906903Analyzed
1v1 RM · 22d ago on Sep 11, 2026· 32m 22s· 2 players
Game mode
Random Map
Map size
Tiny (2 player)
Population
200
Speed
Normal
Resources
Standard
Victory
Conquest
Starting age
Dark Age
Ending age
Imperial Age
RankedLock teamsTeams togetherTeam positionsShared explorationLock speedFull tech treeHidden civsTurbo modeCheats
Victory
Defeat
🇨🇦 Gurjaras · Canada
1317
+15
🇲🇽 Franks · Mexico
1300
-15
A.Raziel
5:53 Loom
8:34 Feudal Age
18:34 Wheelbarrow
18:20 Town Watch
19:18 Scale Barding Armor
21:24 Castle Age
19:33 Scale Barding Armor
19:39 Double-Bit Axe
19:58 Gold Mining
20:41 Forging
22:42 Chain Barding Armor
23:19 Husbandry
23:43 Pikeman
29:08 Scale Mail Armor
31:33 Stone Mining
32:18 Chain Mail Armor
33:12 Iron Casting
randomplayer4114
8:26 Feudal Age
6:42 Loom
9:00 Double-Bit Axe
11:12 Horse Collar
19:40 Castle Age
18:39 Gold Mining
21:02 Bloodlines
21:44 Wheelbarrow
21:31 Bow Saw
22:03 Heavy Plow
22:19 Husbandry
22:18 Town Watch
23:36 Scale Barding Armor
28:16 Forging
28:34 Sanctity
29:43 Redemption
Connection lost

Rejoining the realm…

Still unreachable

The connection could not be restored.

Session expired

The server has moved on; the page needs a fresh start.